 Dungeon Crawl Stone Soup version 0.31-a0-1-g4198be8af4 (webtiles) character file.

Game seed: 17979031175253452531

101 scionoferis the Trooper (level 4, 0/40 HPs)
             Began as a Ghoul Berserker on May 1, 2023.
             Was a Believer of Trog.
             Slain by an orc priest
             ... wielding a +0 flail
              (2 damage)
             ... on level 3 of the Dungeon.
             The game lasted 00:05:00 (1996 turns).

scionoferis the Trooper (Ghoul Berserker)           Turns: 1996, Time: 00:05:01

Health: 0/40       AC:  6    Str: 19    XL:     4   Next: 75%
Magic:  3/3        EV: 11    Int:  3    God:    Trog [**....]
Gold:   233        SH:  0    Dex: 10    Spells: 3/3 levels left

rFire   . . .        a - +0 mace
rCold   + . .        (no shield)
rNeg    + + +        j - +1 ring mail {rN+}
rPois   ∞            (no helmet)
rElec   .            (no cloak)
rCorr   .            (no gloves)
SInv    .            (no boots)
Will    .....        m - amulet of faith Stlth
                     (no ring)
HPRegen 0.00/turn    (no ring)
MPRegen 0.08/turn

%: faith
@: inhibited regen
A: claws 1, cold resistance 1, negative energy resistance 3, inhibited
regeneration, torment resistance 2, devour on kill
a: Renounce Religion, Trog's Hand


You were on level 3 of the Dungeon.
You worshipped Trog.
Trog was pleased with you.
You visited 1 branch of the dungeon, and saw 3 of its levels.

You collected 233 gold pieces.


Innate Abilities, Weirdness & Mutations

You are immune to poison.
You have sharp fingernails.
Your flesh is cold resistant. (rC+)
You are immune to negative energy. (rN+++)
You do not regenerate when monsters are visible.
You are immune to unholy pain and torment.
You thrive by killing the living.


   Skills:
 + Level 4.3 Fighting
 * Level 4.2 Maces & Flails
 - Level 1.7 Armour
 - Level 1.7 Dodging


You had 3 spell levels left.
You didn't know any spells.
Your spell library was empty.

Inventory:

Hand Weapons
 a - a +0 mace (weapon)
Armour
 j - a +1 ring mail of positive energy (worn)
   (You found it on level 1 of the Dungeon)
Jewellery
 m - an amulet of faith (around neck)
   (You found it on level 2 of the Dungeon)
Scrolls
 b - a scroll of silence {unknown}
 c - a scroll of fog {unknown}
 e - 3 scrolls of identify {unknown}
 i - a scroll of amnesia {unknown}
 k - a scroll of magic mapping {unknown}
 p - a scroll of teleportation {unknown}
 q - a scroll of enchant armour {unknown}
Potions
 d - 2 potions of invisibility {unknown}
 f - a potion of might {unknown}
 g - a potion of attraction {unknown}
 h - 4 potions of curing {unknown}
 l - a potion of mutation {unknown}
 n - a potion of degeneration {unknown}
 o - a potion of brilliance {unknown}

Dungeon Overview and Level Annotations

Branches:
Dungeon (3/15)

Altars:

Shops:
D:2

( ###########
#....<....##
##...........
#....<....... .
#.####.#.###. ###
.#### o# #.# .....
###.#.# #.#
#..#####@oo..#
###.#####.......##...#
.......###.###..#
....8# .##....#
#.##...# .....#
.......###....### ...
...#...#......# ..
.#............# .
####.........##
.###............


You could see an orc priest and an orc.


Message History

Welcome, scionoferis the Ghoul Berserker.
Will you prevail where others failed? Will you find the Orb of Zot?
Trog says: Kill them all!
Press ? for a list of commands and other information.
Found a scroll labelled XIORHEST NURI, a tower shield and a ring mail.
Found a staircase leading out of the dungeon.
You see here a +0 tower shield.
c - a scroll labelled XIORHEST NURI You see here a +0 ring mail.
d - a +0 ring mail You start removing your armour.
You continue taking off your +0 animal skin. x4
You finish taking off your +0 animal skin.
You start putting on your armour.
You continue putting on your +0 ring mail. x5
You finish putting on your +0 ring mail.
You drop a +0 animal skin.
Found a stone staircase leading down.
Okay, then.
A quokka comes into view.
Found a scroll labelled GEORUKHL ADOALU.
You hit the quokka.
The quokka is severely wounded.
The quokka barely misses you.
You miss the quokka.
The quokka is severely wounded.
The quokka bites you. x2
You barely miss the quokka.
The quokka is severely wounded.
The quokka misses you.
You barely miss the quokka.
The quokka is heavily wounded.
The quokka bites you but does no damage.
The quokka closely misses you.
You barely miss the quokka.
The quokka is heavily wounded.
The quokka bites you but does no damage.
You hit the quokka.
The quokka is almost dead.
The quokka barely misses you. The quokka completely misses you.
You hit the quokka.
You kill the quokka!
Trog accepts your kill.
No target in view!
You start resting.
HP restored.
There is a stone staircase leading down here.
You see here a quokka corpse.
b - a scroll labelled GEORUKHL ADOALU
e - a scroll labelled TEESIF SIAT You now have 13 gold pieces.
f - a green potion
g - a cyan potion You open the door.
There is an open door here.
h - 2 brown potions A giant cockroach comes into view.
No target in view!
You closely miss the giant cockroach. The giant cockroach barely misses you.
The giant cockroach closely misses you.
You barely miss the giant cockroach. The giant cockroach closely misses you.
You hit the giant cockroach.
The giant cockroach is moderately wounded.
The giant cockroach bites you but does no damage.
The giant cockroach closely misses you.
You sock the giant cockroach!
You kill the giant cockroach!
Trog accepts your kill.
No target in view!
A quokka comes into view.
You barely miss the quokka. The quokka bites you.
You hit the quokka.
The quokka is lightly wounded.
The quokka bites you but does no damage.
You barely miss the quokka.
The quokka is lightly wounded.
The quokka bites you but does no damage.
The quokka bites you.
You completely miss the quokka.
The quokka is lightly wounded.
The quokka closely misses you. The quokka bites you.
You closely miss the quokka.
The quokka is lightly wounded.
The quokka misses you.
You closely miss the quokka.
The quokka is lightly wounded.
The quokka closely misses you. The quokka barely misses you.
You closely miss the quokka.
The quokka is lightly wounded.
The quokka bites you.
You hit the quokka. You claw the quokka, but do no damage.
The quokka is almost dead.
The quokka bites you but does no damage. x2
You completely miss the quokka.
The quokka is almost dead.
The quokka bites you.
You thump the quokka!
You kill the quokka!
Trog accepts your kill.
No target in view!
You start resting.
HP restored.
You see here a quokka corpse.
A hobgoblin comes into view.
The hobgoblin shouts!
The hobgoblin closely misses you.
You sock the hobgoblin!
You kill the hobgoblin!
Trog accepts your kill.
Your Maces & Flails skill increases to level 3!
No target in view!
No target in view!
You now have 22 gold pieces (gained 9).
Found a stone staircase leading down.
i - a scroll labelled ULOROI KATS You now have 31 gold pieces (gained 9).
You now have 44 gold pieces (gained 13).
You open the door.
A ball python comes into view.
The ball python hisses angrily.
There is an open door here.
The ball python closely misses you. The ball python barely misses you.
You thump the ball python!
You kill the ball python!
Trog accepts your kill.
No target in view!
You see here a +1 ring mail of positive energy.
No target in view!
j - a +1 ring mail of positive energy You start removing your armour.
You continue taking off your +0 ring mail. x4
You finish taking off your +0 ring mail.
You start putting on your armour.
You continue putting on your +1 ring mail of positive energy. x5
You finish putting on your +1 ring mail of positive energy.
You feel more protected from negative energy.
You drop a +0 ring mail.
d - 2 glowing green potions As you open the large door, it creaks loudly!
Found a stone staircase leading down.
A rat comes into view.
There is a large open door here.
You thump the rat!
You kill the rat!
Trog accepts your kill.
You have reached level 2!
There is a large open door here.
You see here a rat corpse.
As you open the door, it creaks loudly!
An endoplasm comes into view.
Found 9 gold pieces.
Found an escape hatch in the floor.
The endoplasm quivers.
There is an open door here.
The endoplasm freezes you.
You are frozen.
You resist.
You completely miss the endoplasm. The endoplasm barely misses you.
You hit the endoplasm.
The endoplasm is severely wounded.
The endoplasm barely misses you.
You hit the endoplasm.
You kill the endoplasm!
Trog accepts your kill.
You feel better.
No target in view!
You now have 53 gold pieces (gained 9).
A goblin and an endoplasm come into view.
The endoplasm quivers.
You barely miss the goblin. The goblin hits you but does no damage.
You closely miss the goblin. The goblin hits you but does no damage.
You hit the goblin.
You kill the goblin!
Trog accepts your kill.
You hit the endoplasm.
The endoplasm is almost dead.
The endoplasm freezes you.
You are frozen.
You resist. The endoplasm misses you.
You hit the endoplasm.
You kill the endoplasm!
Trog accepts your kill.
No target in view!
A ball python and a bat come into view.
The ball python hisses angrily.
You see here a +0 club.
You closely miss the ball python. The ball python closely misses you.
The ball python grabs you. The ball python constricts you.
You closely miss the ball python. The ball python closely misses you.
The ball python constricts you.
The ball python bites you but does no damage.
The ball python constricts you.
You closely miss the ball python.
The ball python bites you but does no damage.
The ball python constricts you.
You barely miss the ball python. The ball python barely misses you.
The ball python constricts you. The ball python barely misses you.
The ball python constricts you.
You barely miss the ball python. The ball python bites you.
The ball python constricts you.
You hit the ball python.
The ball python is heavily wounded.
The ball python bites you. The ball python constricts you.
The ball python barely misses you. The ball python constricts you.
You closely miss the ball python.
The ball python is heavily wounded.
The ball python barely misses you. The ball python constricts you.
You hit the ball python.
You kill the ball python!
Trog accepts your kill. The bat hits you but does no damage. The bat hits you.
The bat misses you.
You miss the bat. The bat barely misses you.
The bat hits you but does no damage. The bat closely misses you.
The bat hits you.
You closely miss the bat. The bat hits you but does no damage. x3
You hit the bat.
The bat is severely wounded.
The bat hits you but does no damage. x2; The bat misses you.
You barely miss the bat.
The bat is severely wounded.
The bat hits you but does no damage. x2
You closely miss the bat.
The bat is severely wounded.
The bat hits you. x2; The bat barely misses you.
You closely miss the bat.
The bat is severely wounded.
The bat barely misses you. The bat closely misses you.
The bat completely misses you. x2
You miss the bat.
The bat is severely wounded.
The bat closely misses you.
No target in view!
The bat hits you but does no damage.
You sock the bat!
You kill the bat!
Trog accepts your kill.
You feel better.
No target in view!
You see here a bat corpse.
You see here a bat corpse.
A bat comes into view.
The bat barely misses you. x2
You miss the bat. The bat hits you but does no damage.
The bat closely misses you. The bat hits you but does no damage.
You barely miss the bat. The bat barely misses you. x2
You hit the bat.
You kill the bat!
Trog accepts your kill.
No target in view!
You see here a +0 club.
There is an open door here.
You now have 64 gold pieces (gained 11).
You open the door.
Found a club.
A hobgoblin comes into view.
Found 10 gold pieces and a scroll labelled ZAJEPH ZUFANG.
The hobgoblin shouts!
There is an open door here.
You closely miss the hobgoblin. The hobgoblin barely misses you.
You closely miss the hobgoblin.
The hobgoblin hits you but does no damage.
You hit the hobgoblin but do no damage.
The hobgoblin hits you but does no damage.
You closely miss the hobgoblin. The hobgoblin barely misses you.
The hobgoblin hits you but does no damage.
You hit the hobgoblin.
The hobgoblin is severely wounded.
The hobgoblin misses you.
You closely miss the hobgoblin.
The hobgoblin is severely wounded.
The hobgoblin hits you but does no damage.
You hit the hobgoblin.
You kill the hobgoblin!
Trog accepts your kill.
No target in view!
You now have 72 gold pieces (gained 8).
You now have 82 gold pieces (gained 10).
k - a scroll labelled ZAJEPH ZUFANG You open the door.
There is an open door here.
There is an open door here.
A dart slug comes into view.
The dart slug launches a dart at you. The slug dart misses you.
You hit the dart slug.
The dart slug is moderately wounded.
The dart slug launches a dart at you.
The slug dart hits you but does no damage.
You hit the dart slug.
The dart slug is severely wounded.
The dart slug launches a dart at you.
The slug dart hits you but does no damage.
You completely miss the dart slug.
The dart slug is severely wounded.
The dart slug launches a dart at you.
The slug dart hits you but does no damage.
You hit the dart slug.
You kill the dart slug!
Trog accepts your kill.
l - a murky emerald potion You see here a staff of conjuration.
As you open the door, it creaks loudly!
Found 2 brown potions.
There is an open door here.
h - 4 brown potions (gained 2)
You open the door.
There is an open door here. 2 ball pythons come into view.
Found 6 stones.
The ball python hisses angrily. x2
A frilled lizard comes into view.
There is an open door here.
The frilled lizard hisses angrily.
You hit the ball python.
You kill the ball python!
Trog accepts your kill.
The ball python bites you but does no damage.
The ball python grabs you. The ball python constricts you.
You hit the ball python but do no damage.
The ball python bites you but does no damage.
The ball python constricts you.
You hit the ball python.
You kill the ball python!
Trog accepts your kill.
You hit the frilled lizard.
The frilled lizard is heavily wounded.
The frilled lizard bites you but does no damage.
You sock the frilled lizard!
You kill the frilled lizard!
Trog accepts your kill.
Things that are here:
a frilled lizard corpse; a ball python corpse A rat comes into view.
You see here 6 stones.
The rat closely misses you.
You sock the rat!
You kill the rat!
Trog accepts your kill.
No target in view!
You now have 98 gold pieces (gained 16).
You see here 6 stones.
You open the door.
Done exploring.
Done exploring.
Things that are here:
a frilled lizard corpse; a ball python corpse
There is an open door here.
There is an open door here.
There is an open door here.
There is a shaft here.
There is a stone staircase leading down here.
You climb downwards.
Found 9 gold pieces.
There is a stone staircase leading up here.
You now have 107 gold pieces (gained 9).
Found a stone staircase leading up.
You now have 116 gold pieces (gained 9).
You open the door.
A worm comes into view.
Found 12 gold pieces and a lumpy amethyst amulet.
There is an open door here.
You hit the worm.
The worm is lightly wounded.
You sock the worm!
The worm is heavily wounded.
The worm bites you.
You hit the worm.
The worm is severely wounded.
The worm barely misses you.
You barely miss the worm.
The worm is severely wounded.
The worm bites you!
You hit the worm.
The worm is severely wounded.
You hit the worm but do no damage.
The worm is severely wounded.
The worm bites you!
You hit the worm.
The worm is almost dead.
The worm barely misses you.
You barely miss the worm.
The worm is severely wounded.
You hit the worm.
You kill the worm!
Trog accepts your kill.
You can now call upon Trog for regeneration and willpower.
You have reached level 3!
Your experience leads to an increase in your attributes!
Increase (S)trength, (I)ntelligence, or (D)exterity?
You feel agile. x2
You now have 128 gold pieces (gained 12).
You close the door.
You start resting.
HP restored.
You see here a worm corpse.
m - an amulet of faith
Okay, then.
You drop an amulet of faith.
Okay, then.
m - an amulet of faith Autopickup disabled for amulets of faith.
You drop an amulet of faith.
m - an amulet of faith
Okay, then.
Really put on
m - an amulet of faith?
Okay, then.
Really put on
m - an amulet of faith?
You start putting on your amulet.
You continue putting on your amulet of faith. x5
You finish putting on your amulet of faith.
You feel a surge of divine interest.
m - an amulet of faith (around neck) As you open the door, it creaks loudly!
A giant cockroach comes into view.
There is an open door here.
You closely miss the giant cockroach.
The giant cockroach closely misses you. x2
You sock the giant cockroach!
You kill the giant cockroach!
Trog accepts your kill.
No target in view!
A dart slug comes into view.
You hit the dart slug.
The dart slug is lightly wounded.
The dart slug launches a dart at you. The slug dart misses you.
You sock the dart slug!
The dart slug is almost dead.
The dart slug closely misses you.
You hit the dart slug.
You kill the dart slug!
Trog accepts your kill.
No target in view!
You see here a dart slug corpse.
A hobgoblin comes into view.
The hobgoblin shouts!
You hit the hobgoblin.
The hobgoblin is severely wounded.
The hobgoblin hits you.
You hit the hobgoblin.
You kill the hobgoblin!
Trog accepts your kill.
No target in view!
You now have 143 gold pieces (gained 15).
Found a stone staircase leading down.
An adder comes into view.
The adder hisses angrily.
You barely miss the adder. The adder completely misses you.
You hit the adder but do no damage. The adder barely misses you. x2
You hit the adder.
The adder is moderately wounded.
The adder barely misses you.
You hit the adder.
The adder is severely wounded.
The adder closely misses you. x2
You hit the adder.
You kill the adder!
Trog accepts your kill.
No target in view!
You open the door.
There is an open door here.
A kobold comes into view. It is wielding a +0 club.
The kobold shouts!
The kobold barely misses you.
You sock the kobold!
You kill the kobold!
Trog accepts your kill.
No target in view!
You open the door.
A frilled lizard and an adder come into view.
The frilled lizard hisses angrily.
The adder hisses angrily.
There is an open door here.
You miss the frilled lizard.
The frilled lizard bites you but does no damage.
You miss the frilled lizard.
The frilled lizard bites you but does no damage.
You hit the frilled lizard.
You kill the frilled lizard!
Trog accepts your kill.
You hit the adder but do no damage. The adder bites you but does no damage.
The adder barely misses you.
You miss the adder. The adder bites you. The adder barely misses you.
You hit the adder.
The adder is lightly wounded.
The adder bites you but does no damage.
You sock the adder!
The adder is severely wounded.
The adder bites you but does no damage. The adder barely misses you.
You miss the adder.
The adder is severely wounded.
The adder misses you.
You hit the adder.
You kill the adder!
Trog accepts your kill.
No target in view!
n - a fuming inky potion
o - a fizzy cyan potion You now have 155 gold pieces (gained 12).
A dart slug comes into view.
The dart slug barely misses you.
You hit the dart slug.
The dart slug is heavily wounded.
The dart slug bites you but does no damage.
You hit the dart slug.
The dart slug is almost dead.
You hit the dart slug but do no damage.
The dart slug is almost dead.
The dart slug bites you.
A dart slug is nearby!
You hit the dart slug but do no damage.
The dart slug is almost dead.
The dart slug bites you.
You hit the dart slug but do no damage.
The dart slug is almost dead.
The dart slug bites you.
You hit the dart slug.
You kill the dart slug!
Trog accepts your kill.
You feel better.
Your Fighting skill increases to level 4!
No target in view!
You see here a dart slug corpse.
You open the door.
Found a stone staircase leading down.
There is an open door here.
e - 2 scrolls labelled TEESIF SIAT (gained 1)
You now have 165 gold pieces (gained 10).
There is a stone staircase leading down here.
A goblin comes into view. It is wielding a +0 club.
The goblin shouts!
A goblin is nearby!
You hit the goblin but do no damage. The goblin barely misses you.
You hit the goblin but do no damage. The goblin closely misses you.
You completely miss the goblin. The goblin hits you with a +0 club.
The goblin completely misses you.
You barely miss the goblin. The goblin hits you with a +0 club.
You hit the goblin.
The goblin is moderately wounded.
The goblin hits you with a +0 club.
You sock the goblin!
You kill the goblin!
Trog accepts your kill.
No target in view!
Things that are here:
a +0 club; a goblin corpse
Found Qoureej's Weapon Emporium.
Found a club.
Found 6 stones and a human corpse.
There is an entrance to Qoureej's Weapon Emporium here.
You now have 179 gold pieces (gained 14).
Found 4 stones.
Found 8 stones.
An adder comes into view.
The adder hisses angrily.
A quokka comes into view.
The adder bites you.
You closely miss the adder. The adder closely misses you.
You hit the adder.
The adder is moderately wounded.
The adder misses you. The adder bites you but does no damage.
You miss the adder.
The adder is moderately wounded.
The adder bites you but does no damage.
You miss the adder.
The adder is moderately wounded.
The adder bites you but does no damage. The adder bites you.
You closely miss the adder.
The adder is moderately wounded.
The adder closely misses you.
You miss the adder.
The adder is moderately wounded.
The adder misses you. The adder bites you but does no damage.
You sock the adder!
You kill the adder!
Trog accepts your kill.
You have reached level 4!
You closely miss the quokka. The quokka bites you.
The quokka barely misses you.
You closely miss the quokka. The quokka bites you.
You hit the quokka but do no damage. The quokka bites you.
You hit the quokka.
You kill the quokka!
Trog accepts your kill.
Your Maces & Flails skill increases to level 4!
No target in view!
You see here a quokka corpse.
An endoplasm comes into view.
Found 14 gold pieces.
Found a book of Burglary.
The endoplasm freezes you.
You are frozen.
You resist.
You hit the endoplasm.
The endoplasm is lightly wounded.
The endoplasm barely misses you. The endoplasm completely misses you.
You hit the endoplasm.
The endoplasm is severely wounded.
The endoplasm barely misses you.
You hit the endoplasm but do no damage.
The endoplasm is heavily wounded.
The endoplasm closely misses you.
You hit the endoplasm.
You kill the endoplasm!
Trog accepts your kill.
You feel better.
No target in view!
p - a scroll labelled ZYUCKACUOB A hobgoblin comes into view.
The hobgoblin shouts!
You see here a scroll labelled TEESIF SIAT.
A hobgoblin is nearby!
The hobgoblin hits you.
You see here 4 gold pieces.
You sock the hobgoblin!
You kill the hobgoblin!
Trog accepts your kill.
You feel better.
No target in view!
No target in view!
You now have 183 gold pieces (gained 4).
e - 3 scrolls labelled TEESIF SIAT (gained 1)
You now have 197 gold pieces (gained 14).
You see here a book of Burglary.
Found 6 large rocks.
Found a mace.
You open the door.
Found a dagger.
You open the door.
There is an open door here.
Found a stone staircase leading up.
You see here a +0 dagger.
There is an open door here.
You open the door.
There is an open door here.
q - a scroll labelled JENERI PI DOBB You now have 207 gold pieces (gained 10).
Found a stone staircase leading down.
There is a stone staircase leading down here.
You open the door.
There is an open door here.
There is an open door here.
There is an open door here.
You open the door.
There is an open door here.
A ball python comes into view.
You thump the ball python!
You kill the ball python!
Trog accepts your kill.
No target in view!
You open the door.
There is an open door here.
There is an open door here.
There is an open door here.
You open the door.
There is an open door here.
A jackal comes into view.
The jackal barks!
You hear a bark!
A jackal comes into view.
A jackal comes into view.
You closely miss the jackal.
The jackal barks!
The jackal completely misses you. The jackal bites you.
You hit the jackal but do no damage. The jackal barely misses you.
You sock the jackal!
You kill the jackal!
Trog accepts your kill.
You closely miss the jackal. The jackal misses you.
The jackal bites you but does no damage.
You closely miss the jackal. The jackal barely misses you. x2
You hit the jackal.
You kill the jackal!
Trog accepts your kill.
The jackal bites you but does no damage.
You closely miss the jackal.
The jackal bites you but does no damage. x2
You hit the jackal but do no damage.
The jackal bites you but does no damage.
You hit the jackal.
You kill the jackal!
Trog accepts your kill.
You feel better.
No target in view!
Things that are here:
a jackal corpse; a jackal corpse; a jackal corpse Done exploring.
Done exploring.
There is an open door here.
There is a stone staircase leading down here.
Search for what [? for help]? d: Unknown command.
You climb downwards.
The orc priest shouts!
The orc shouts! x2; You hear a shout!
Found a stone staircase leading up.
There is a stone staircase leading up here.
You hit the quokka.
The quokka is almost dead.
The quokka completely misses you.
You barely miss the quokka.
The quokka is almost dead.
The quokka completely misses you.
You hit the quokka but do no damage.
The quokka is almost dead.
The quokka barely misses you.
An orc comes into view.
It is wielding a +2 dagger of electrocution.
The quokka barely misses you.
You miss the quokka.
The quokka is almost dead.
The orc shouts!
An orc comes into view. It is wielding a +0 mace.
The quokka bites you but does no damage.
The quokka bites you but does no damage.
The orc hits you but does no damage.
The orc priest miscasts a cantrip.
The quokka twitches its whiskers.
The quokka bites you.
You climb upwards.
There is a stone staircase leading down here.
You closely miss the quokka.
The quokka is almost dead.
The orc hits you with a +0 short sword. The quokka closely misses you.
The orc closely misses you.
You hit the quokka but do no damage.
The quokka is almost dead.
The quokka barely misses you. The orc hits you but does no damage.
You barely miss the quokka.
The quokka is almost dead.
The quokka barely misses you. The orc closely misses you. The quokka bites you.
You miss the quokka.
The quokka is almost dead.
The quokka barely misses you. The orc hits you with a +0 short sword.
You sock the quokka!
You kill the quokka!
Trog accepts your kill.
You feel better. The orc hits you with a +0 short sword.
You sock the orc!
You kill the orc!
Trog accepts your kill.
Things that are here:
a +0 short sword; an orc corpse
There is a stone staircase leading down here.
There is a stone staircase leading down here.
You start resting.
HP restored.
You climb downwards.
Found a robe.
There is a stone staircase leading up here.
A frilled lizard comes into view.
The frilled lizard hisses angrily.
There is a stone staircase leading up here.
You miss the frilled lizard. The frilled lizard barely misses you.
You miss the frilled lizard. The frilled lizard closely misses you.
The frilled lizard bites you.
You hit the frilled lizard but do no damage.
The frilled lizard closely misses you.
You hit the frilled lizard.
You kill the frilled lizard!
Trog accepts your kill.
You feel better.
No target in view!
Found 4 stones.
Found a quarterstaff.
Found a stone staircase leading down.
An orc comes into view. It is wielding a +0 mace.
The orc shouts!
You hear a shout!
An orc comes into view. It is wielding a +0 short sword.
The orc shouts!
An orc comes into view. It is wielding a +0 short sword.
The orc shouts!
An endoplasm comes into view.
You closely miss the orc.
The endoplasm quivers.
The orc barely misses you.
You sock the orc!
You kill the orc!
Trog accepts your kill.
You barely miss the orc.
The orc hits you with a +0 short sword. x2
You hit the orc.
The orc is lightly wounded.
The orc hits you but does no damage.
You barely miss the orc.
The orc is lightly wounded.
The orc closely misses you.
You hit the orc.
The orc is almost dead.
The orc hits you but does no damage.
The endoplasm hits you but does no damage.
You hit the endoplasm.
The endoplasm is severely wounded.
The orc hits you with a +0 short sword. The endoplasm completely misses you.
You hit the endoplasm.
You kill the endoplasm!
Trog accepts your kill.
You feel better. The orc hits you with a +0 short sword.
The orc barely misses you.
You hit the orc.
You kill the orc!
Trog accepts your kill.
You feel better.
You barely miss the orc. The orc hits you with a +0 short sword.
You hit the orc but do no damage. The orc misses you.
You closely miss the orc. The orc hits you but does no damage.
You sock the orc!
You kill the orc!
Trog accepts your kill.
Items here: ))) [.
HP restored.
You now have 216 gold pieces (gained 9).
An adder comes into view.
The adder hisses angrily.
The adder barely misses you.
You hit the adder. Your claw misses the adder.
The adder is moderately wounded.
The adder completely misses you.
You hit the adder.
The adder is moderately wounded.
The adder bites you but does no damage. x2
You barely miss the adder.
The adder is moderately wounded.
The adder closely misses you.
You hit the adder.
The adder is severely wounded.
The adder bites you but does no damage. x2
You hit the adder.
The adder is severely wounded.
The adder barely misses you.
You hit the adder but do no damage.
The adder is severely wounded.
The adder bites you. x2
You closely miss the adder.
The adder is severely wounded.
The adder bites you but does no damage. x2
You hit the adder.
The adder is almost dead.
The adder closely misses you.
You hit the adder.
You kill the adder!
Trog accepts your kill.
You feel better.
You see here an adder corpse.
Found 8 stones.
Found a dented lapis lazuli amulet.
You now have 224 gold pieces (gained 8).
Found a stone staircase leading down.
A hobgoblin comes into view.
A kobold comes into view. It is wielding a +0 short sword.
The kobold shouts!
The hobgoblin shouts!
The kobold throws a stone.
The stone closely misses you.
You see here 8 stones.
The hobgoblin drinks a potion.
The hobgoblin seems to speed up.
You see here an amulet of magic regeneration.
r - an amulet of magic regeneration The kobold throws a stone.
The stone hits you but does no damage.
The kobold throws a stone.
The stone hits you but does no damage.
You closely miss the kobold. The hobgoblin hits you.
The kobold hits you but does no damage. The hobgoblin barely misses you.
You sock the hobgoblin!
You kill the hobgoblin!
Trog accepts your kill. The kobold hits you but does no damage.
The kobold hits you with a +0 short sword.
You sock the kobold!
You kill the kobold!
Trog accepts your kill.
You feel better.
Autopickup disabled for amulets of magic regeneration.
You drop an amulet of magic regeneration.
You now have 233 gold pieces (gained 9).
The orc shouts!
You hear a shout!
The orc throws a boomerang.
The boomerang hits you.
The orc shouts!
The orc hits you with a +0 hand axe.
You hit the orc.
The orc is heavily wounded.
The orc barely misses you.
The orc throws a boomerang.
The boomerang hits you but does no damage.
You hit the orc but do no damage.
The orc is heavily wounded.
The orc misses you.
You hit the orc.
You kill the orc!
Trog accepts your kill.
The orc hits you with a +2 dagger of electrocution.
The orc priest casts a cantrip, but nothing happens.
Things that are here:
a +0 hand axe; 2 boomerangs; a +0 leather armour You barely miss the orc.
The orc hits you with a +2 dagger of electrocution.
You hit the orc.
The orc is lightly wounded.
The orc hits you but does no damage.
The orc hits you with a +2 dagger of electrocution.
You hit the orc.
You kill the orc!
Trog accepts your kill.
You closely miss the orc priest.
The orc priest hits you but does no damage.
You barely miss the orc priest.
The orc shouts!
The orc priest hits you with a +0 flail.
You barely miss the orc priest. The orc priest misses you.
You barely miss the orc priest. The orc priest closely misses you.
You hit the orc priest.
The orc priest is moderately wounded.
The orc priest closely misses you.
The orc priest looks encouraged for a moment.
You barely miss the orc priest.
The orc priest is moderately wounded.
The orc priest completely misses you.
You hit the orc priest.
The orc priest is moderately wounded.
The orc priest casts a cantrip, but nothing happens.
You barely miss the orc priest.
The orc priest is moderately wounded.
The orc priest hits you with a +0 flail.
You hit the orc priest but do no damage.
The orc priest is moderately wounded.
The orc priest hits you with a +0 flail.
* * * LOW HITPOINT WARNING * * *
You hit the orc priest but do no damage.
The orc priest is moderately wounded.
The orc priest barely misses you.
The orc priest hits you but does no damage.
You closely miss the orc priest.
The orc priest is moderately wounded.
The orc priest hits you but does no damage.
You hit the orc priest.
The orc priest is moderately wounded.
The orc priest hits you with a +0 flail!
* * * LOW HITPOINT WARNING * * *
Okay, then.
Unknown command.
You hit the orc priest.
The orc priest is heavily wounded.
The orc priest closely misses you.
You hit the orc priest but do no damage.
The orc priest is heavily wounded.
The orc priest completely misses you.
You hit the orc priest but do no damage.
The orc priest is heavily wounded.
The orc priest barely misses you.
The orc priest casts a cantrip, but nothing happens.
You hit the orc priest but do no damage.
The orc priest is heavily wounded.
The orc priest hits you but does no damage.
You completely miss the orc priest.
The orc priest is heavily wounded.
The orc priest hits you with a +0 flail.
* * * LOW HITPOINT WARNING * * *
You hit the orc priest but do no damage.
The orc priest is heavily wounded.
The orc priest hits you with a +0 flail.
You die...

Skill      XL: |  1  2  3  4 |
---------------+-------------+-----
Maces & Flails | 3 4 |  4.2
Fighting       | 4 |  4.3
Armour         | |  1.7
Dodging        | |  1.7

Action                     |  1- 3 |  4- 6 || total
---------------------------+-------+-------++-------
  Melee: Mace              |   118 |    82 ||   200
         Punch             |     1 |       ||     1
 Armour: Ring mail         |    43 |    29 ||    72
  Dodge: Dodged            |    70 |    45 ||   115

Levels and vault maps discovered:
D:1:      mrwooster_arrival_statue_2, layout_basic
D:2:      layout_loops_corners, serial_shops, nicolae_shop_bloodbath_and_beyond,
          minmay_pentomino_o4
D:3:      layout_rooms, serial_corexii_hall, corexii_hall_statues_x,
          chequers_hall_statues_corner_a, chequers_hall_statues_y,
          corexii_hall_statues_deadend

Notes
Turn   | Place    | Note
-------+----------+-------------------------------------------
     0 | D:1      | scionoferis the Ghoul Berserker began the quest for the
                  | Orb.
     0 | D:1      | Reached XP level 1. HP: 19/19 MP: 0/0
   197 | D:1      | Reached skill level 3 in Maces & Flails
   291 | D:1      | Reached XP level 2. HP: 26/26 MP: 1/1
   731 | D:2      | Reached ** piety under Trog
   732 | D:2      | Reached XP level 3. HP: 12/33 MP: 2/2
  1140 | D:2      | Reached skill level 4 in Fighting
  1222 | D:2      | Found Qoureej's Weapon Emporium.
  1315 | D:2      | Reached XP level 4. HP: 37/40 MP: 3/3
  1319 | D:2      | Reached skill level 4 in Maces & Flails
  1990 | D:3      | HP: 3/40 [orc priest/+0 flail (7)]
  1995 | D:3      | HP: 2/40 [orc priest/+0 flail (1)]
  1996 | D:3      | Slain by an orc priest

Vanquished Creatures
  4 adders (D:2 D:3)
  A worm (D:2)
  3 dart slugs (D:1 D:2)
  6 orcs (D:2 D:3)
  2 bats (D:1)
  4 endoplasms (D:1 D:2 D:3)
  2 giant cockroaches (D:1 D:2)
  5 hobgoblins (D:1 D:2 D:3)
  3 jackals (D:2)
  2 kobolds (D:2 D:3)
  4 quokkas (D:1 D:2)
  5 ball pythons (D:1 D:2)
  3 frilled lizards (D:1 D:2 D:3)
  2 goblins (D:1 D:2)
  2 rats (D:1)
48 creatures vanquished.

Table legend: (Time is in decaauts)
 A = Elapsed time spent in this place.
 B = Non-inter-level travel time spent in this place.
 C = Inter-level travel time spent in this place.
 D = Time resting spent in this place.
 E = Time spent auto-exploring this place.
 F = Levels seen in this place.
 G = Mean time per level.
                   A        B        C        D        E       F      G
               +--------+--------+--------+--------+--------+-----+--------+
         Total |   2039 |   1938 |    101 |    145 |   1297 |   3 |  679.7 |
       Dungeon |   2039 |   1938 |    101 |    145 |   1297 |   3 |  679.7 |
               +--------+--------+--------+--------+--------+-----+--------+

Top non-repeatable levels by time:
     D:2: 1137 daAuts
     D:1: 719 daAuts
     D:3: 183 daAuts

Table legend:
 A = Non-vault XP
 B = Vault XP
 C = Vault XP percentage of total XP
 D = Non-vault monster count
 E = Vault monster count
 F = Vault count percentage of total count
                 A         B        C        D         E       F
            +---------+---------+-------+---------+---------+-------
      Total |     126 |      19 |  13.1 |      44 |       4 |   8.3
            +---------+---------+-------+---------+---------+-------
        D:1 |      30 |       0 |   0.0 |      18 |       0 |   0.0
        D:2 |      61 |      19 |  23.8 |      16 |       4 |  20.0
        D:3 |      35 |       0 |   0.0 |      10 |       0 |   0.0
            +---------+---------+-------+---------+---------+-------
